 Dungeon Crawl Stone Soup version 0.28-a0-1524-ge72afd5fc6 (webtiles) character file.

Game seed: 12776220680980986098

33 psuckher the Sneak (level 3, 0/30 HPs)
             Began as a Barachi Delver on Jan 17, 2022.
             Slain by an ufetubus (4 damage)
             ... on level 4 of the Dungeon.
             The game lasted 00:03:15 (272 turns).

psuckher the Sneak (Barachi Delver)                  Turns: 272, Time: 00:03:16

Health: 0/30       AC:  3    Str: 13    XL:     3   Next: 29%
Magic:  3/3        EV: 12    Int: 10    God:
Gold:   18         SH:  0    Dex: 15    Spells: 2/2 levels left

rFire   . . .      SeeInvis .   a - +0 falchion
rCold   . . .      Faith    .   (no shield)
rNeg    . . .      Spirit   .   b - +0 leather armour
rPois   .          Reflect  .   (no helmet)
rElec   .          Harm     .   (no cloak)
rCorr   .          Rampage  .   (no gloves)
Will    .....                   (no boots)
Stlth   +++.......              (no amulet)
HPRegen 0.10/turn               (no ring)
MPRegen 0.08/turn               (no ring)

@: hasted, quick
A: amphibious, slowness 1, strong legs 1, +LOS
a: Hop


You were on level 4 of the Dungeon.
You visited 1 branch of the dungeon, and saw 2 of its levels.

You collected 18 gold pieces.

Inventory:

Hand Weapons
 a - a +0 falchion (weapon)
Armour
 b - a +0 leather armour (worn)
Wands
 g - a wand of digging (3)
Scrolls
 c - a scroll of fog
 d - a scroll of magic mapping
 e - a scroll of fear
Potions
 h - a potion of heal wounds {unknown}
 i - a potion of cancellation {unknown}


   Skills:
 + Level 4.0 Fighting
 + Level 2.9 Long Blades
 + Level 0.4 Armour
 + Level 2.2 Dodging
 + Level 5.0 Stealth


You had 2 spell levels left.
You didn't know any spells.
Your spell library was empty.

Dungeon Overview and Level Annotations

Branches:
Dungeon (5/15)
 Temple: D:4-7

Altars:
Cheibriados

Annotations:
D:5 Sigmund


Innate Abilities, Weirdness & Mutations

You are amphibious.
You cover ground slowly.
You can hop short distances.
You have an extended range of vision and can be seen from far away.


Message History

The centaur zombie moves out of view.
The orc moves out of view.
An orc comes into view. It is wielding a +0 dagger.
The orc shouts!
You hear a shout!
The orc moves out of view.
There is a stone staircase leading up here.
You climb upwards.
There is a stone staircase leading down here.
Found 13 gold pieces.
Found an amethyst potion.
Found a stone staircase leading up.
You now have 18 gold pieces (gained 13).
There is a stone staircase leading up here.
Found a viscous emerald potion.
h - an amethyst potion
Found a stone staircase leading down.
i - a viscous emerald potion
Found 25 stones.
Found 15 bolts.
You see here 15 bolts.
An ufetubus comes into view.
The ufetubus shouts!
You hit the ufetubus but do no damage. The ufetubus misses you.
The ufetubus hits you but does no damage.
The ufetubus barely misses you. The ufetubus closely misses you.
You barely miss the ufetubus. The ufetubus hits you.
The ufetubus hits you but does no damage. x2
The ufetubus hits you.
* * * LOW HITPOINT WARNING * * *
The ufetubus closely misses you. The ufetubus misses you.
The ufetubus hits you.
* * * LOW HITPOINT WARNING * * *
The ufetubus barely misses you.
You see here 15 bolts.
You feel yourself speed up. The ufetubus closely misses you.
The ufetubus barely misses you. The ufetubus hits you.
* * * LOW HITPOINT WARNING * * *
The ufetubus closely misses you.
Unknown command.
The ufetubus hits you.
You die...

#.#####.#
......#
....#
###.###..#
.........#
###.####.#
#(# #5###
#.@.#
###.# #.#
#.#
#.######.#
(........#
#.######.#
#.# #.##


You could see an ufetubus.

Vanquished Creatures
  A scorpion zombie (D:5)
  A howler monkey skeleton (D:5)
2 creatures vanquished.

Notes
Turn   | Place    | Note
-------+----------+-------------------------------------------
     0 | D:5      | psuckher the Barachi Delver began the quest for the Orb.
     0 | D:5      | Reached XP level 1. HP: 18/18 MP: 1/1
    13 | D:5      | Found a snail-covered altar of Cheibriados.
    56 | D:5      | Noticed an orc wizard
    70 | D:5      | Reached XP level 2. HP: 19/25 MP: 2/2
   133 | D:5      | Reached skill level 5 in Stealth
   133 | D:5      | Reached XP level 3. HP: 7/30 MP: 3/3
   198 | D:5      | Noticed Sigmund
   200 | D:5      | Noticed a necrophage
   272 | D:4      | Slain by an ufetubus

Illustrated notes

Levels and vault maps discovered:
D:4:      layout_loops_ring, dk_yredelemnul_ordeal, dancing_weapons_uskayaw
D:5:      layout_rooms, lemuel_doored_altar,
          mainiacjoe_overflow_small_starburst, serial_undead, serial_undead_c,
          serial_undead_c, serial_undead_b, serial_undead_a, serial_undead_b,
          serial_undead_a, serial_undead_b, uniq_duvessa, uniq_sigmund

Skill      XL: |  1  2 |
---------------+-------+-----
Fighting       | 4 |  4.0
Stealth        | 5 |  5.0
Long Blades    | |  2.9
Armour         | |  0.4
Dodging        | |  2.2

Action                   || total
-------------------------++-------
Melee: Falchion          ||    19
  Use: Potion            ||     1
Armor: Leather armour    ||     5
Dodge: Dodged            ||    18

Table legend: (Time is in decaauts)
 A = Elapsed time spent in this place.
 B = Non-inter-level travel time spent in this place.
 C = Inter-level travel time spent in this place.
 D = Time resting spent in this place.
 E = Time spent auto-exploring this place.
 F = Levels seen in this place.
 G = Mean time per level.
                   A        B        C        D        E       F      G
               +--------+--------+--------+--------+--------+-----+--------+
         Total |    322 |    306 |     16 |      0 |      0 |   2 |  161.0 |
       Dungeon |    322 |    306 |     16 |      0 |      0 |   2 |  161.0 |
               +--------+--------+--------+--------+--------+-----+--------+

Top non-repeatable levels by time:
     D:5: 243 daAuts
     D:4: 79 daAuts
